[ AOE2 MATCH · #476222479 ]
1v1 RMEthiopians vs Britons
Player's team · LOSS
Rival team · WIN
[ REPLAY ANALYSIS · EXTRACTED FROM THE RECORDED GAME ]
Feudal
14:54
Castle
25:37
Imperial
44:38
| APM avg | 17.5 |
| APM peak | 69 |
| eAPM avg | 13.4 |
| Villagers / military | 137 / 607 |
Focus
⚔️ 58.3% · 🌾 41.7%
Scout Cavalry ×240 · Spearman ×205 · Shotel Warrior ×95 · Battering Ram ×35 · Trebuchet (Packed) ×26 · Bombard Cannon ×4
Feudal
11:21
Castle
19:26
Imperial
32:18
| APM avg | 16.8 |
| APM peak | 62 |
| eAPM avg | 12.4 |
| Villagers / military | 128 / 505 |
Focus
⚔️ 33.3% · 🌾 66.7%
Knight ×116 · Spearman ×116 · Scout Cavalry ×105 · Longbowman ×76 · Militia ×25 · Skirmisher ×21
Match map
Initial resources + every placement click. Lines = walls · curves = elevation contours. ◆ gold · ⬟ stone · ● berries · ✦ relic · ◌ wall gap
Your base· ✓ Closed at 25:37 · 0t walls · 2 gate(s)
Matthias's base· ✓ Closed at 19:26 · 0t walls · 3 gate(s)
Smoothed initial terrain · ◌ = detected wall gap · hover for details
Inputs per minute
— 351953342 - - Matthias
Build order — 351953342
First 150 of 1015 actions detected
| 0:09 | Create | Villager (Male) |
| 0:09 | Create | Villager (Male) |
| 0:09 | Create | Villager (Male) |
| 0:09 | Create | Villager (Male) |
| 0:10 | Create | Villager (Male) |
| 0:10 | Create | Villager (Male) |
| 0:29 | Build | House |
| 1:13 | Build | House |
| 1:18 | Build | House |
| 2:24 | Create | Villager (Male) |
| 2:24 | Create | Villager (Male) |
| 2:24 | Create | Villager (Male) |
| 3:59 | Build | Mill |
| 4:16 | Create | Villager (Male) |
| 4:17 | Create | Villager (Male) |
| 4:17 | Create | Villager (Male) |
| 4:17 | Create | Villager (Male) |
| 4:17 | Create | Villager (Male) |
| 5:38 | Create | Villager (Male) |
| 5:39 | Create | Villager (Male) |
| 5:39 | Create | Villager (Male) |
| 5:39 | Create | Villager (Male) |
| 5:39 | Create | Villager (Male) |
| 7:36 | Create | Villager (Male) |
| 7:37 | Create | Villager (Male) |
| 7:37 | Create | Villager (Male) |
| 7:37 | Create | Villager (Male) |
| 7:37 | Create | Villager (Male) |
| 7:54 | Build | Lumber Camp |
| 9:01 | Build | House |
| 9:02 | Build | House |
| 9:03 | Build | House |
| 9:07 | Build | House |
| 9:09 | Build | House |
| 9:09 | Build | House |
| 9:16 | Create | Villager (Male) |
| 9:16 | Create | Villager (Male) |
| 9:17 | Create | Villager (Male) |
| 9:17 | Create | Villager (Male) |
| 9:17 | Create | Villager (Male) |
| 11:00 | Build | House |
| 11:07 | Build | House |
| 11:10 | Build | House |
| 11:14 | Build | House |
| 11:17 | Build | House |
| 11:18 | Build | House |
| 11:21 | Build | House |
| 11:25 | Build | House |
| 12:14 | Create | Villager (Male) |
| 12:14 | Create | Villager (Male) |
| 12:44 | Research | Feudal Age |
| 14:13 | Build | Barracks |
| 14:15 | Build | Barracks |
| 14:20 | Build | Barracks |
| 14:54 | Age | Feudal Age |
| 15:01 | Research | Wheelbarrow |
| 15:09 | Research | Double-Bit Axe |
| 15:33 | Create | Spearman |
| 15:34 | Create | Spearman |
| 15:35 | Create | Spearman |
| 15:36 | Create | Spearman |
| 16:26 | Build | Farm |
| 16:28 | Build | Farm |
| 16:29 | Build | Farm |
| 16:31 | Build | Farm |
| 16:32 | Build | Farm |
| 16:36 | Build | Farm |
| 16:37 | Build | Farm |
| 16:38 | Build | Farm |
| 16:40 | Build | Farm |
| 16:42 | Build | Farm |
| 16:45 | Build | Farm |
| 16:49 | Build | Farm |
| 16:50 | Build | Farm |
| 16:52 | Build | Farm |
| 16:54 | Build | Farm |
| 17:27 | Create | Villager (Male) |
| 17:27 | Create | Villager (Male) |
| 17:27 | Create | Villager (Male) |
| 17:28 | Create | Villager (Male) |
| 17:28 | Create | Villager (Male) |
| 17:28 | Create | Villager (Male) |
| 17:28 | Create | Villager (Male) |
| 17:29 | Create | Villager (Male) |
| 17:42 | Build | Farm |
| 17:43 | Build | Farm |
| 17:45 | Build | Farm |
| 17:47 | Build | Farm |
| 17:48 | Build | Farm |
| 17:49 | Build | Farm |
| 18:07 | Build | Stable |
| 18:11 | Create | Spearman |
| 18:11 | Create | Spearman |
| 18:12 | Create | Spearman |
| 18:54 | Create | Spearman |
| 18:55 | Create | Spearman |
| 18:55 | Create | Spearman |
| 19:12 | Build | Archery Range |
| 19:22 | Create | Villager (Male) |
| 19:23 | Create | Villager (Male) |
| 19:23 | Create | Villager (Male) |
| 19:23 | Create | Villager (Male) |
| 19:32 | Create | Spearman |
| 19:32 | Create | Spearman |
| 19:32 | Create | Spearman |
| 20:24 | Create | Scout Cavalry |
| 20:25 | Create | Scout Cavalry |
| 20:27 | Create | Spearman |
| 20:27 | Create | Spearman |
| 20:27 | Create | Spearman |
| 20:30 | Create | Spearman |
| 20:30 | Create | Spearman |
| 20:32 | Create | Spearman |
| 20:32 | Create | Spearman |
| 20:46 | Build | Blacksmith |
| 20:47 | Build | Blacksmith |
| 20:49 | Create | Spearman |
| 20:49 | Create | Spearman |
| 22:57 | Research | Castle Age |
| 23:08 | Build | Mining Camp |
| 23:21 | Create | Spearman |
| 23:21 | Create | Spearman |
| 23:21 | Create | Spearman |
| 23:24 | Create | Spearman |
| 23:25 | Create | Spearman |
| 23:25 | Create | Spearman |
| 23:43 | Build | Blacksmith |
| 23:46 | Research | Gold Mining |
| 24:03 | Create | Scout Cavalry |
| 24:36 | Research | Forging |
| 24:38 | Research | Scale Mail Armor |
| 24:54 | Create | Spearman |
| 24:55 | Create | Spearman |
| 24:57 | Create | Spearman |
| 24:57 | Create | Spearman |
| 25:17 | Create | Scout Cavalry |
| 25:17 | Create | Scout Cavalry |
| 25:37 | Age | Castle Age |
| 25:45 | Create | Villager (Male) |
| 25:45 | Create | Villager (Male) |
| 25:45 | Create | Villager (Male) |
| 25:45 | Create | Villager (Male) |
| 25:46 | Create | Villager (Male) |
| 25:46 | Create | Villager (Male) |
| 25:47 | Create | Villager (Male) |
| 26:21 | Build | Castle |
| 26:32 | Create | Villager (Male) |
| 26:32 | Create | Villager (Male) |
| 26:32 | Create | Villager (Male) |
| 26:33 | Create | Villager (Male) |
Build order — Matthias
First 150 of 614 actions detected
| 0:01 | Create | Villager (Male) |
| 0:01 | Create | Villager (Male) |
| 0:03 | Build | House |
| 0:05 | Build | House |
| 0:22 | Research | Loom |
| 0:27 | Create | Villager (Male) ×2 |
| 1:20 | Create | Villager (Male) |
| 1:49 | Build | Lumber Camp |
| 1:53 | Create | Villager (Male) |
| 1:53 | Create | Villager (Male) |
| 2:16 | Create | Villager (Male) |
| 2:17 | Create | Villager (Male) |
| 2:30 | Create | Villager (Male) |
| 2:30 | Create | Villager (Male) |
| 2:54 | Create | Villager (Male) |
| 2:54 | Create | Villager (Male) |
| 2:54 | Create | Villager (Male) |
| 3:06 | Build | House |
| 3:08 | Build | House |
| 3:10 | Build | House |
| 3:19 | Build | House |
| 3:28 | Create | Villager (Male) |
| 3:47 | Create | Villager (Male) |
| 3:48 | Create | Villager (Male) |
| 4:01 | Create | Villager (Male) |
| 4:02 | Create | Villager (Male) |
| 4:42 | Build | Mill |
| 4:51 | Create | Villager (Male) |
| 4:51 | Create | Villager (Male) |
| 5:10 | Create | Villager (Male) |
| 5:43 | Create | Villager (Male) |
| 5:43 | Create | Villager (Male) |
| 6:31 | Create | Villager (Male) |
| 6:46 | Create | Villager (Male) ×2 |
| 7:51 | Build | Lumber Camp |
| 8:19 | Create | Villager (Male) |
| 8:33 | Create | Villager (Male) |
| 9:05 | Research | Feudal Age |
| 9:17 | Build | Mining Camp |
| 9:42 | Create | Villager (Male) |
| 10:03 | Create | Villager (Male) |
| 10:31 | Build | Mill |
| 11:21 | Age | Feudal Age |
| 11:24 | Research | Double-Bit Axe |
| 11:25 | Research | Double-Bit Axe |
| 11:28 | Research | Horse Collar |
| 11:32 | Research | Gold Mining |
| 11:33 | Research | Stone Mining |
| 11:54 | Build | Farm |
| 11:56 | Build | Farm |
| 11:57 | Build | Farm |
| 12:01 | Create | Villager (Male) |
| 12:01 | Create | Villager (Male) |
| 12:09 | Build | House |
| 12:15 | Build | Blacksmith |
| 12:19 | Create | Villager (Male) |
| 12:34 | Build | Farm |
| 12:35 | Build | Farm |
| 12:38 | Build | Farm |
| 12:40 | Build | Farm |
| 12:42 | Build | Farm |
| 12:48 | Create | Villager (Male) |
| 12:48 | Create | Villager (Male) |
| 13:05 | Research | Wheelbarrow |
| 13:27 | Build | Farm |
| 13:28 | Build | Farm |
| 13:29 | Build | Farm |
| 13:31 | Build | Farm |
| 13:34 | Build | Farm |
| 13:35 | Build | Farm |
| 13:55 | Create | Villager (Male) |
| 14:14 | Build | Farm |
| 14:16 | Build | Farm |
| 14:17 | Build | Farm |
| 14:20 | Build | Farm |
| 14:28 | Build | Farm |
| 15:02 | Build | Market |
| 15:09 | Create | Villager (Male) |
| 15:09 | Create | Villager (Male) |
| 15:39 | Build | House |
| 15:41 | Build | House |
| 16:03 | Build | Farm |
| 16:11 | Create | Villager (Male) |
| 16:22 | Build | Farm |
| 16:34 | Research | Castle Age |
| 16:44 | Build | Barracks |
| 17:03 | Research | Scale Mail Armor |
| 17:23 | Create | Villager (Male) |
| 17:42 | Build | Archery Range |
| 17:54 | Create | Spearman |
| 17:54 | Create | Spearman |
| 18:12 | Research | Padded Archer Armor |
| 18:20 | Create | Spearman |
| 18:36 | Build | House |
| 18:38 | Build | House |
| 18:43 | Research | Forging |
| 18:50 | Create | Skirmisher |
| 18:50 | Create | Skirmisher |
| 18:50 | Create | Skirmisher |
| 18:52 | Create | Skirmisher |
| 18:56 | Create | Spearman |
| 18:56 | Create | Spearman |
| 18:57 | Create | Spearman |
| 19:26 | Age | Castle Age |
| 19:26 | Research | Town Watch |
| 19:31 | Research | Heavy Plow |
| 19:31 | Research | Heavy Plow |
| 19:35 | Research | Bow Saw |
| 19:35 | Research | Bow Saw |
| 19:39 | Research | Gold Shaft Mining |
| 19:39 | Research | Gold Shaft Mining |
| 19:47 | Build | Monastery |
| 19:50 | Create | Villager (Male) |
| 19:57 | Create | Villager (Male) |
| 19:57 | Create | Villager (Male) |
| 20:16 | Research | Pikeman (upgrade) |
| 20:29 | Create | Villager (Male) |
| 20:37 | Build | Town Center |
| 20:48 | Create | Villager (Male) |
| 20:53 | Research | Man-at-Arms (upgrade) |
| 21:01 | Create | Monk |
| 21:10 | Build | Town Center |
| 21:23 | Create | Villager (Male) |
| 21:24 | Create | Villager (Male) |
| 21:28 | Create | Skirmisher |
| 21:28 | Create | Skirmisher |
| 21:33 | Create | Militia |
| 21:44 | Create | Monk |
| 21:54 | Create | Villager (Male) |
| 22:10 | Create | Villager (Male) |
| 22:10 | Create | Villager (Male) |
| 22:26 | Research | Hand Cart |
| 22:38 | Research | Fervor |
| 22:38 | Research | Fervor |
| 22:42 | Create | Militia |
| 22:44 | Create | Villager (Male) |
| 23:09 | Create | Villager (Male) |
| 23:09 | Create | Villager (Male) |
| 23:16 | Build | House |
| 23:17 | Build | House |
| 23:20 | Build | House |
| 23:22 | Build | House |
| 23:23 | Build | House |
| 23:25 | Create | Villager (Male) |
| 23:26 | Create | Villager (Male) |
| 23:33 | Build | Farm |
| 23:34 | Build | Farm |
| 23:35 | Build | Farm |
| 23:40 | Create | Villager (Male) |
| 23:41 | Create | Villager (Male) |
Match timeline
| 11:21 | Matthias · age_up feudal |
| 14:13 | 351953342 · first_building Barracks |
| 14:54 | 351953342 · age_up feudal |
| 16:44 | Matthias · first_building Barracks |
| 17:42 | Matthias · first_building Archery Range |
| 18:07 | 351953342 · first_building Stable |
| 19:12 | 351953342 · first_building Archery Range |
| 19:26 | Matthias · age_up castle |
| 19:47 | Matthias · first_building Monastery |
| 21:40 | Matthias · first_market_sell 100 wood |
| 25:37 | 351953342 · age_up castle |
| 26:21 | 351953342 · first_building Castle |
| 27:32 | Matthias · first_market_buy 500 stone |
| 27:52 | Matthias · first_building Castle |
| 29:32 | Matthias · first_building Siege Workshop |
| 32:18 | Matthias · age_up imperial |
| 35:51 | 351953342 · first_building Siege Workshop |
| 41:20 | 351953342 · first_market_buy 100 food |
| 44:38 | 351953342 · age_up imperial |
| 62:51 | Matthias · first_building Stable |
| 106:13 | 351953342 · first_market_sell 100 wood |
| 113:52 | 351953342 · resign |
[ AI ANALYSIS · 1 CREDIT ]
What really happened in this match?
Wolo.gg analyzes every decision: build order, eco, micro, common mistakes by bracket. Personalized analysis on WhatsApp or Discord in 30 seconds.
Civ guide
Ethiopians
Map guide
Arena
Perfil
351953342